 Dungeon Crawl Stone Soup version 0.26.0-18-gc5c842f807 (webtiles) character file.

Game seed: 6610025910320310873

35 Gauvater the Firebug (level 3, -2/22 HPs)
             Began as an Octopode Fire Elementalist on Jan 22, 2021.
             Killed by nerve-wracking pain
             ... invoked by Jessica
              (11 damage)
             ... on level 2 of the Dungeon.
             The game lasted 00:07:19 (1554 turns).

Gauvater the Firebug (Octopode Fire Elementalist)   Turns: 1554, Time: 00:07:30

Health: -2/22      AC:  1    Str:  7    XL:     3   Next: 35%
Magic:  4/6        EV: 13    Int: 18    God:
Gold:   25         SH:  0    Dex: 12    Spells: 5/6 levels left

rFire    . . .     SeeInvis .   b - +2 dagger (venom)
rCold    . . .     Faith    .   (no shield)
rNeg     . . .     Spirit   .   (helmet restricted)
rPois    .         Reflect  .   (no amulet)
rElec    .         Harm     .   (no ring)
rCorr    .         Rampage  .   (no ring)
Will     .....                  (no ring)
Stlth    +++.......             (no ring)
HPRegen  0.07/turn              (no ring)
MPRegen  0.10/turn              (no ring)
                                (no ring)
                                (no ring)

@: no status effects
A: almost no armour, stealthy swim, amphibious, 8 rings, constrict 8, camouflage
1, gelatinous body 1
a: no special abilities


You were on level 2 of the Dungeon.
You visited 1 branch of the dungeon, and saw 2 of its levels.

You collected 25 gold pieces.

Inventory:

Hand Weapons
 b - a +2 dagger of venom (weapon)
Missiles
 a - 26 bolts
 h - 111 stones
 i - 5 atropa-tipped darts
Wands
 m - a wand of polymorph (9)
Scrolls
 d - 2 scrolls of remove curse {unknown}
 e - a scroll of fear {unknown}
 f - 2 scrolls of identify {unknown}
 g - a scroll of enchant weapon {unknown}
 j - a scroll of blinking {unknown}
 l - a scroll of enchant armour {unknown}
Potions
 c - 2 potions of curing {unknown}
 k - a potion of heal wounds {unknown}


   Skills:
 + Level 0.3 Fighting
 + Level 2.5 Dodging
 + Level 2.8 Stealth
 + Level 2.2 Spellcasting
 + Level 1.1 Conjurations
 + Level 3.6 Fire Magic


You had 5 spell levels left.
You knew the following spells:

 Your Spells              Type           Power        Failure   Level
a - Foxfire               Conj/Fire      40%          7%          1

Your spell library contained the following spells:

 Spells                   Type           Power        Failure   Level
 Conjure Flame            Conj/Fire      10%          21%         3
 Inner Flame              Hex/Fire       8%           26%         3
 Sticky Flame             Conj/Fire      10%          54%         4
 Fireball                 Conj/Fire      5%           88%         5


Dungeon Overview and Level Annotations

Branches:
Dungeon (2/15)

Altars:

Annotations:
D:2 Jessica


Innate Abilities, Weirdness & Mutations

You cannot wear most types of armour.
You are very stealthy in the water. (Stealth+)
You are amphibious.
You can wear up to eight rings at the same time.
You can use your tentacles to constrict eight enemies at once.
Your skin changes colour to match your surroundings (Stealth+).
Your rubbery body absorbs attacks. (AC +1, EV +1)


Message History

Found a stone staircase leading down.
Jessica shouts!
Jessica gestures at you while chanting. Pain shoots through your body!
Casting: Foxfire (safe; 7% risk of failure)
Confirm with . or Enter, or press ? or * to list all spells.
You conjure some foxfire!
The foxfire hits Jessica.
Jessica is lightly wounded.
Jessica gestures at you while chanting. Pain shoots through your body!
There is a stone staircase leading up here.
Casting: Foxfire (safe; 7% risk of failure)
Confirm with . or Enter, or press ? or * to list all spells.
You conjure some foxfire!
Your foxfire dissipates!
Jessica casts a spell at you. Pain shoots through your body!
Ouch! That really hurt!
You die...

#.# #.# ######### #.#
#...>...# #.# #.#####.###
#.# ####§# .@... #.#
#....####..#
#.#####...§......###.#
#.##.......§§..v........#
#.##.#####..§.@v.######.#
##.##.# #...........##.#
#.....# #.......###.##.#
#### #.###.# #.......#
#.##.# #... #. #.# #.#.....#
#.##># #.## #. #..
.....#...# #.##.# #.# #.
####..###.....###.##.####.##
#. .. ###......†..........
#. #.......##.####.##


You could see Jessica.

Vanquished Creatures
  A dart slug (D:1)
  7 giant cockroaches
  7 goblins (D:1)
  2 hobgoblins (D:1)
  A kobold (D:1)
  5 bats
  8 rats
31 creatures vanquished.

Vanquished Creatures (others)
  A goblin (D:2)
  77 foxfires
78 creatures vanquished.

Grand Total: 109 creatures vanquished

Notes
Turn   | Place    | Note
-------+----------+-------------------------------------------
     0 | D:1      | Gauvater the Octopode Fire Elementalist began the quest for
                  | the Orb.
     0 | D:1      | Reached XP level 1. HP: 11/11 MP: 3/3
   104 | D:1      | Reached XP level 2. HP: 15/17 MP: 0/5
   633 | D:1      | Reached XP level 3. HP: 21/21 MP: 2/6
  1541 | D:2      | Noticed Jessica
  1554 | D:2      | Killed from afar by Jessica

Illustrated notes

Levels and vault maps discovered:
D:1:      lightli_molten_gateway, layout_loops_ring, grunt_decor_cap,
          hangedman_decor_push
D:2:      layout_loops_ring, lemuel_flame_loot_1, uniq_jessica

Action                   || total
-------------------------++-------
Melee: Unarmed           ||     2
       Constrict         ||     3
       Dagger            ||     5
       Tentacles         ||     1
 Cast: Foxfire           ||    45
 Stab: Sleeping          ||     1
Armor: Skin              ||     4
Dodge: Dodged            ||    22
